 Dungeon Crawl Stone Soup version 0.27.1 (webtiles) character file.

Game seed: 8390544996902252549

69 Malachi the Ruffian (level 4, 0/40 HPs)
             Began as a Ghoul Monk on Aug 22, 2021.
             Slain by a water moccasin (9 damage)
             ... on level 3 of the Dungeon.
             The game lasted 00:02:51 (2258 turns).

Malachi the Ruffian (Ghoul Monk)                    Turns: 2258, Time: 00:02:52

Health: 0/40       AC:  2    Str: 15    XL:     4   Next: 20%
Magic:  3/3        EV: 12    Int:  5    God:
Gold:   56         SH:  5    Dex: 11    Spells: 3/3 levels left

rFire    . . .     SeeInvis .     - Unarmed
rCold    + . .     Faith    .   (no shield)
rNeg     + + +     Spirit   .   a - +0 robe
rPois    ∞         Reflect  +   (no helmet)
rElec    .         Harm     .   (no cloak)
rCorr    .         Rampage  .   (no gloves)
Will     +....                  (no boots)
Stlth    ++........             c - amulet of reflection
HPRegen  0.00/turn              h - ring of willpower
MPRegen  0.08/turn              (no ring)

@: inhibited regen
A: claws 1, cold resistance 1, negative energy resistance 3, inhibited
regeneration, torment resistance 2
a: no special abilities


You were on level 3 of the Dungeon.
You visited 1 branch of the dungeon, and saw 3 of its levels.

You collected 56 gold pieces.

Inventory:

Armour
 a - a +0 robe (worn)
Magical Staves
 f - a staff of fire
Jewellery
 c - an amulet of reflection (around neck)
 h - a ring of willpower (left claw)
Scrolls
 d - a scroll of acquirement {unknown}
 e - a scroll of torment {unknown}
 g - a scroll of fear {unknown}
 i - a scroll of fog {unknown}
 k - a scroll of enchant armour {unknown}
 l - a scroll of magic mapping {unknown}
Potions
 b - 3 potions of flight
 j - 3 potions of curing
 m - a potion of brilliance {unknown}
 n - a potion of heal wounds {unknown}


   Skills:
 + Level 3.7 Fighting
 + Level 3.1 Dodging
 + Level 3.1 Stealth
 + Level 0.1 Shields
 + Level 4.2 Unarmed Combat


You had 3 spell levels left.
You didn't know any spells.
Your spell library was empty.

Dungeon Overview and Level Annotations

Branches:
Dungeon (3/15)

Altars:


Innate Abilities, Weirdness & Mutations

You thrive by killing the living.
You are immune to poison.
You have sharp fingernails.
Your flesh is cold resistant. (rC+)
You are immune to negative energy. (rN+++)
You do not regenerate when monsters are visible.
You are immune to unholy pain and torment.


Message History

You see here a +0 club.
Found 19 sling bullets.
Found 17 sling bullets.
You see here 19 sling bullets.
Found 16 gold pieces.
A water moccasin comes into view.
The water moccasin hisses angrily.
A water moccasin is nearby!
You aren't carrying any items that you can evoke.
Unknown command.
Okay, then.
The water moccasin closely misses you.
You claw the water moccasin!
The water moccasin is moderately wounded.
The water moccasin bites you!
You closely miss the water moccasin.
The water moccasin is moderately wounded.
The water moccasin bites you!
You closely miss the water moccasin.
The water moccasin is moderately wounded.
The water moccasin bites you!
You are too injured to fight recklessly!
You are too injured to fight recklessly!
You are too injured to fight recklessly!
You are too injured to fight recklessly!
You closely miss the water moccasin.
The water moccasin is moderately wounded.
The water moccasin bites you but does no damage.
The water moccasin bites you!
* * * LOW HITPOINT WARNING * * *
You scratch the water moccasin.
The water moccasin is heavily wounded.
You block the water moccasin's attack.
You closely miss the water moccasin.
The water moccasin is heavily wounded.
You block the water moccasin's attack.
You barely miss the water moccasin.
The water moccasin is heavily wounded.
You block the water moccasin's attack. The water moccasin bites you!
You die...

###..## ##.. .#..
#......# ...#...
#$.... #
#.###...#..#
#....S.....#
#@#.##.# #.#.##.#
#.#.##.# #.#.##.#
#.#.##.# #.#.##.#
#.#.##.##########
#.#.##.....(.....
#...(....########


You could see a water moccasin.

Vanquished Creatures
  An orc priest (D:3)
  3 orcs (D:3)
  2 endoplasms
  5 goblins
  3 hobgoblins
  7 ball pythons
  7 bats
  3 kobolds
  3 rats
34 creatures vanquished.

Notes
Turn   | Place    | Note
-------+----------+-------------------------------------------
     0 | D:1      | Malachi the Ghoul Monk began the quest for the Orb.
     0 | D:1      | Reached XP level 1. HP: 19/19 MP: 0/0
   396 | D:1      | Reached XP level 2. HP: 26/26 MP: 1/1
  1271 | D:2      | Reached XP level 3. HP: 31/31 MP: 2/2
  2122 | D:3      | Reached skill level 4 in Unarmed Combat
  2122 | D:3      | Reached XP level 4. HP: 31/40 MP: 3/3
  2249 | D:3      | Noticed a water moccasin
  2258 | D:3      | Slain by a water moccasin

Illustrated notes

Levels and vault maps discovered:
D:1:      minmay_arrival_split_and_join, layout_loops_corners
D:2:      layout_basic
D:3:      layout_loops_ring

Skill      XL: |  1  2  3 |
---------------+----------+-----
Dodging        | 3 |  3.1
Stealth        | 3 |  3.1
Unarmed Combat | 4 |  4.2
Fighting       | |  3.7
Shields        | |  0.1

Action                   |  1- 3 |  4- 6 || total
-------------------------+-------+-------++-------
Melee: Unarmed           |    77 |     9 ||    86
       Punch             |     2 |       ||     2
  Use: Scroll            |     3 |       ||     3
 Stab: Sleeping          |     8 |     1 ||     9
Armor: Robe              |    23 |     1 ||    24
Dodge: Dodged            |    43 |     1 ||    44
Block: Other             |     8 |     3 ||    11
